 Dungeon Crawl Stone Soup version 0.20-a0-1006-ge6c5631 (webtiles) character file.

4834 HankScorpio the Severer (level 10, -10/77 HPs)
             Began as a Minotaur Berserker on Apr 14, 2017.
             Was a High Priest of Trog.
             Mangled by an orc warrior
             ... wielding a +0 halberd
              (31 damage)
             ... on level 8 of the Dungeon.
             The game lasted 00:16:36 (6852 turns).

HankScorpio the Severer (Minotaur Berserker)        Turns: 6852, Time: 00:16:37

Health: -10/77     AC:  7    Str: 22    XL:     10   Next: 25%
Magic:  9/9        EV: 13    Int:  4    God:    Trog [*****.]
Gold:   428        SH:  0    Dex: 13    Spells: 9/9 levels left

rFire    x . .     SeeInvis .   w - +1 war axe
rCold    + . .     Gourm    .   (no shield)
rNeg     + . .     Faith    .   g - +0 scale mail
rPois    .         Spirit   .   L - +2 hat
rElec    .         Reflect  .   F - +0 cloak
rCorr    .         Harm     +   (no gloves)
MR       .....                  u - +0 pair of boots
Stlth    ..........             d - amulet of harm
Regen    0.3/turn               f - ring of positive energy
MPRegen  0.2/turn               c - ring of ice

@: exhausted
A: retaliatory headbutt, claws 1, hooves 1, horns 2, repulsion field 1, deformed
body
a: Berserk, Trog's Hand, Brothers in Arms, Burn Spellbooks, Renounce Religion


You were on level 8 of the Dungeon.
You worshipped Trog.
Trog was extremely pleased with you.
You were near starving.

You visited 1 branch of the dungeon, and saw 8 of its levels.

You collected 428 gold pieces.

Inventory:

Hand Weapons
 w - a +1 war axe (weapon)
 K - the +3 falchion of Omukk {pain, rPois}
   (You found it on level 7 of the Dungeon)

   In the hands of one skilled in necromantic magic, it inflicts extra damage on
   living creatures.
   It protects you from poison.
Missiles
 H - 16 steel javelins (quivered)
Armour
 g - a +0 scale mail (worn)
 u - a +0 pair of boots (worn)
 E - the +1 leather armour of Qalimn {Int+3}
   (You found it on level 5 of the Dungeon)

   It affects your intelligence (+3).
 F - a +0 cloak (worn)
 L - a +2 hat (worn)
Jewellery
 c - a ring of ice (right claw)
 d - an amulet of harm (around neck)
 f - a ring of positive energy (left claw)
 B - an uncursed ring of magical power
Scrolls
 e - 4 scrolls of remove curse
 j - 2 scrolls of random uselessness
 l - a scroll of teleportation
 o - a scroll of blinking {unknown}
 t - 4 scrolls of immolation
 y - a scroll of recharging
Potions
 a - 2 potions of flight
 h - a potion of curing
 k - a potion of ambrosia {unknown}
 n - a potion of berserk rage {unknown}
 q - a potion of resistance {unknown}
 A - 2 potions of magic
 C - a potion of haste
 G - a potion of agility {unknown}
Comestibles
 m - 2 royal jellies
 p - 3 meat rations
 D - 3 bread rations
 I - 3 fruits


   Skills:
 - Level 3.6 Fighting
 + Level 17.0 Axes
 - Level 2.4 Armour
 - Level 2.1 Dodging


You had 9 spell levels left.
You didn't know any spells.

Dungeon Overview and Level Annotations

Branches:
Dungeon (8/15)             Temple (0/1) D:4            Lair (0/6) D:8

Altars:
Ashenzari
Hepliaklqana
Okawaru
Qazlal
Ru
Sif Muna
Uskayaw
Vehumet
Wu Jian
Yredelemnul

Annotations:
D:7 1 exclusion


Innate Abilities, Weirdness & Mutations

You reflexively headbutt those who attack you in melee.
You have a pair of horns on your head.
You have sharp fingernails.
You have large cloven feet.
You are surrounded by a mild repulsion field. (EV +2)
Armour fits poorly on your strangely shaped body.


Message History

The orc priest hits you from afar with a trident.
* * * LOW HITPOINT WARNING * * *
Okay, then.
Okay, then.
It was a potion of cancellation.
Your magical effects are unravelling.
You feel magically purged.
You feel yourself speed up.
You feel yourself slow down.
Your skin stops crawling.
You feel less resistant to hostile enchantments.
The orc warrior closely misses you. The orc misses you.
The orc priest closely misses you. The orc hits you but does no damage.
You feel better. The orc warrior completely misses you. The orc hits you.
* * * LOW HITPOINT WARNING * * *
The orc completely misses you. You furiously retaliate!
You headbutt the orc, but do no damage.
The orc priest hits you but does no damage.
You feel better. The orc hits you but does no damage.
The orc warrior hits you with a halberd!!
You die...

#.............>..#...
#######.......)..#...
#.....#..........#...
#.....#..........#...
#.....#..<.......#...
#$....#.........###..
#$o.).#..#.....## ##<
#..oo)#.######## ##
####@##.# #o)..#
######


You could see an orc warrior, an orc priest and 2 orcs.

Vanquished Creatures
  A two-headed ogre (D:8)
  A hornet (D:8)
  Prince Ribbit (D:8)
  A hippogriff (D:5)
  Sigmund (D:3)
  A wyvern (D:8)
  Eustachio (D:4)
  Menkaure (D:4)
  Edmund (D:4)
  3 orc warriors
  2 phantoms
  A sky beast (D:5)
  A black bear (D:7)
  3 ogres
  3 centaurs
  4 bullfrogs
  A scorpion (D:8)
  4 howler monkeys
  4 crimson imps
  A bullfrog zombie (D:5)
  2 hounds
  2 orc priests
  A bullfrog skeleton (D:4)
  9 orc wizards
  Jessica (D:3)
  An iguana (D:7)
  9 worker ants
  Natasha (thrice) (D:3)
  A hound zombie (D:6)
  A hound skeleton (D:5)
  3 gnolls (D:4)
  A howler monkey skeleton (D:5)
  6 adders
  2 shadow imps
  3 oozes
  3 adder skeletons (D:4)
  2 adder zombies
  3 worms
  A dart slug (D:4)
  4 leopard geckos
  44 orcs
  A ball python (D:8)
  11 giant cockroaches
  8 goblins
  7 hobgoblins
  14 jackals
  6 kobolds
  3 quokkas
  7 bats
  10 frilled lizards
  A jackal skeleton (D:5)
  A leopard gecko zombie (D:7)
  A quokka skeleton (D:4)
  9 rats
217 creatures vanquished.

Vanquished Creatures (collateral kills)
  An ogre (D:6)
  A crimson imp (D:6)
  A worker ant (D:6)
  A shadow imp (D:6)
4 creatures vanquished.

Grand Total: 221 creatures vanquished

Notes
Turn   | Place    | Note
-------+----------+-------------------------------------------
     0 | D:1      | HankScorpio the Minotaur Berserker began the quest for the Orb.
     0 | D:1      | Reached XP level 1. HP: 19/19 MP: 0/0
    69 | D:1      | Reached skill level 4 in Axes
    78 | D:1      | Reached XP level 2. HP: 22/26 MP: 1/1
   684 | D:2      | Reached skill level 5 in Axes
   778 | D:2      | Reached XP level 3. HP: 31/31 MP: 2/2
   948 | D:2      | Reached ** piety under Trog
  1302 | D:2      | Found a basalt altar of Yredelemnul.
  1381 | D:2      | Reached skill level 6 in Axes
  1381 | D:2      | Reached XP level 4. HP: 39/39 MP: 3/3
  1521 | D:3      | Noticed Jessica
  1537 | D:3      | Killed Jessica
  1630 | D:3      | Found a radiant altar of Vehumet.
  1641 | D:3      | Found an ornate altar of the Wu Jian Council.
  1666 | D:3      | Noticed Natasha
  1673 | D:3      | Killed Natasha
  1673 | D:3      | Reached skill level 7 in Axes
  1673 | D:3      | Reached XP level 5. HP: 29/45 MP: 4/4
  1871 | D:3      | Noticed Natasha
  1873 | D:3      | Killed Natasha
  1877 | D:3      | Noticed Natasha
  1886 | D:3      | Killed Natasha
  1900 | D:3      | Reached *** piety under Trog
  1994 | D:3      | Noticed Sigmund
  2003 | D:3      | Killed Sigmund
  2003 | D:3      | Reached skill level 9 in Axes
  2003 | D:3      | Reached XP level 6. HP: 51/51 MP: 5/5
  2118 | D:4      | Noticed Eustachio
  2122 | D:4      | Killed Eustachio
  2122 | D:4      | Reached XP level 7. HP: 57/57 MP: 6/6
  2186 | D:4      | Found a staircase to the Ecumenical Temple.
  2238 | D:4      | Reached skill level 10 in Axes
  2271 | D:4      | Found a sacrificial altar of Ru.
  2346 | D:4      | Found an iron altar of Okawaru.
  2369 | D:4      | Found a shattered altar of Ashenzari.
  2369 | D:4      | Noticed Edmund
  2378 | D:4      | Killed Edmund
  2378 | D:4      | Reached skill level 11 in Axes
  2437 | D:4      | Reached XP level 8. HP: 45/64 MP: 7/7
  2649 | D:4      | Noticed Menkaure
  2655 | D:4      | Killed Menkaure
  2959 | D:5      | Entered Level 5 of the Dungeon
  2963 | D:5      | Reached skill level 12 in Axes
  2996 | D:5      | Gained mutation: You have large cloven feet. [mutagenic meat]
  2997 | D:5      | Gained mutation: You are surrounded by a mild repulsion field. (EV +2) [mutagenic meat]
  2998 | D:5      | Gained mutation: You have sharp fingernails. [mutagenic meat]
  2999 | D:5      | Gained mutation: Armour fits poorly on your strangely shaped body. [mutagenic meat]
  3021 | D:5      | Reached **** piety under Trog
  3045 | D:5      | Noticed a hippogriff
  3055 | D:5      | Killed a hippogriff
  3057 | D:5      | Reached skill level 13 in Axes
  3232 | D:5      | Got a ruby-encrusted leather armour
  3243 | D:5      | Identified the +1 leather armour of Qalimn {Int+3} (You found it on level 5 of the Dungeon)
  3421 | D:5      | Found a deep blue altar of Sif Muna.
  3421 | D:5      | Found a hide-covered altar of Uskayaw.
  3969 | D:6      | Reached XP level 9. HP: 21/70 MP: 8/8
  3974 | D:6      | Reached skill level 14 in Axes
  4587 | D:6      | Found a sacrificial altar of Ru.
  5228 | D:7      | Reached skill level 15 in Axes
  5572 | D:7      | Got a twisted falchion
  5573 | D:7      | Identified the +3 falchion of Omukk {pain, rPois} (You found it on level 7 of the Dungeon)
  6042 | D:8      | Noticed Prince Ribbit
  6045 | D:8      | Received a gift from Trog
  6056 | D:8      | Killed Prince Ribbit
  6056 | D:8      | Reached skill level 16 in Axes
  6065 | D:8      | Reached ***** piety under Trog
  6081 | D:8      | Found a staircase to the Lair.
  6187 | D:8      | Paralysed by a hornet for 3 turns
  6194 | D:8      | Paralysed by a hornet for 3 turns
  6197 | D:8      | HP: 3/70 [hornet (13)]
  6268 | D:8      | Found a hazy altar of Hepliaklqana.
  6600 | D:8      | Noticed a two-headed ogre
  6605 | D:8      | Killed a two-headed ogre
  6605 | D:8      | Reached XP level 10. HP: 77/77 MP: 9/9
  6685 | D:8      | Found a stormy altar of Qazlal.
  6844 | D:8      | Reached skill level 17 in Axes
  6848 | D:8      | HP: 3/77 [orc warrior/halberd (22)]
  6852 | D:8      | Mangled by an orc warrior

Vault maps used:
D:1:      sevenhm_arrival_forest_fort_small_6, st_stairs_7
D:2:      nicolae_overflow_crystal_walls
D:3:      overflow_temple_1_default, old_standard_altar, uniq_sigmund,
          uniq_jessica, uniq_natasha
D:4:      lemuel_crystal_altar, kennysheep_okawaru_gauntlet,
          overflow_temple_1_default, minmay_temple_entry_hall, corner_web_ring,
          uniq_eustachio, uniq_edmund, uniq_menkaure
D:5:      gammafunk_temple_overflow_wave, first_bread
D:6:      basic_altar
D:8:      lemuel_doored_altar, lemuel_crystal_altar, dpeg_oklobed_lair,
          special_room, uniq_prince_ribbit1

Skill      XL: |  1  2  3  4  5  6  7  8  9 10 |
---------------+-------------------------------+-----
Axes           | 4 5 6 7 9 11 13 16 17 | 17.0
Fighting       | |  3.6
Armour         | |  2.4
Dodging        | |  2.1

Action                   |  1- 3 |  4- 6 |  7- 9 | 10-12 || total
-------------------------+-------+-------+-------+-------++-------
Melee: Hand axe          |    81 |    54 |       |       ||   135
       Headbutt          |    12 |     8 |    56 |     4 ||    80
       War axe           |       |    16 |   252 |    26 ||   294
       Falchion          |       |       |     8 |       ||     8
Invok: Berserk           |       |     3 |     6 |     1 ||    10
       Trog's Hand       |       |     2 |     4 |     1 ||     7
       Brothers in Arms  |       |       |     1 |       ||     1
  Use: Scroll            |       |       |    14 |       ||    14
       Potion            |       |       |     3 |     6 ||     9
 Stab: Sleeping          |     1 |       |       |       ||     1
  Eat: Chunk             |     1 |     5 |    15 |     2 ||    23
       Meat ration       |       |       |     1 |       ||     1
       Bread ration      |       |       |     1 |       ||     1
Armor: Animal skin       |     3 |       |       |       ||     3
       Scale mail        |    21 |    30 |    68 |    13 ||   132
Dodge: Dodged            |    40 |    32 |   153 |    35 ||   260
       Rpst.: Falchion   |       |       |     6 |       ||     6
